 Dungeon Crawl Stone Soup version 0.28.0 (console) character file.

Game seed: 12291942789243701923

2230 isthmus the Poker (level 9, -4/65 HPs)
             Began as a Mummy Cinder Acolyte on Feb 12, 2022.
             Was a High Priest of Ignis.
             Slain by a two-headed ogre (21 damage)
             ... on level 8 of the Dungeon.
             The game lasted 00:39:50 (10343 turns).

isthmus the Poker (Mummy Cinder Acolyte)           Turns: 10343, Time: 00:39:50

Health: -4/65      AC:  6    Str: 17    XL:     9   Next: 14%
Magic:  24/27      EV: 11    Int: 18    God:    Ignis [*****.]
Gold:   316        SH:  0    Dex:  7    Spells: 13/20 levels left

rFire   + . .      SeeInvis .   v - +1 short sword (venom)
rCold   + . .      Faith    .   (no shield)
rNeg    + + +      Spirit   .   l - +2 leather armour {rF+}
rPois   ∞          Reflect  .   (no helmet)
rElec   .          Harm     .   (no cloak)
rCorr   .          Rampage  .   (no gloves)
Will    +....                   p - +0 pair of boots
Stlth   +.........              (no amulet)
HPRegen 0.20/turn               u - ring of magical power
MPRegen 0.20/turn               (no ring)

@: swift, quick
A: cold resistance 1, negative energy resistance 3, torment resistance 2, heat
vulnerability 1, no potions
a: Renounce Religion, Fiery Armour, Foxfire Swarm, Rising Flame


You were on level 8 of the Dungeon.
You worshipped Ignis.
Ignis was extremely pleased with you.
You visited 2 branches of the dungeon, and saw 9 of its levels.
You also visited: Sewer, Ossuary and Bailey.

You collected 316 gold pieces.

Inventory:

Hand Weapons
 a - a -1 spear of flaming
 v - a +1 short sword of venom (weapon)
Missiles
 d - 183 stones
 f - 8 poisoned darts (quivered)
 o - 6 atropa-tipped darts
 r - 9 boomerangs
Armour
 b - a +0 robe
 c - a +0 leather armour
 e - a +0 scale mail
 j - a +0 ring mail
 l - a +2 leather armour of fire resistance (worn)
 p - a +0 pair of boots (worn)
 w - a +0 kite shield
Jewellery
 i - an amulet of faith
 u - a ring of magical power (left hand)
Wands
 x - a wand of flame (52)
 y - a wand of charming (16)
Scrolls
 g - 6 scrolls of teleportation
 h - 7 scrolls of blinking
 k - 2 scrolls of vulnerability
 m - 6 scrolls of enchant weapon
 q - 2 scrolls of silence
 t - a scroll of identify


   Skills:
 + Level 3.9 Fighting
 + Level 7.4 Polearms
 - Level 2.0 Throwing
 - Level 2.0 Armour
 + Level 2.2 Shields
 + Level 6.2 Spellcasting
 + Level 1.8 Hexes
 + Level 3.2 Fire Magic
 - Level 1.0 Ice Magic
 + Level 1.7 Air Magic


You had 13 spell levels left.
You knew the following spells:

 Your Spells              Type           Power      Damage    Failure   Level
a - Scorch                Fire           34%        2d7       5%          2
b - Ensorcelled Hibernat  Hex/Ice        20%        N/A       12%         2
s - Swiftness             Air            11%        N/A       21%         3

Your spell library contained the following spells:

 Spells                   Type           Power      Damage    Failure   Level
 Sandblast                Erth           10%        2d5       14%         1
 Passwall                 Tmut/Erth      4%         N/A       22%         2
 Stone Arrow              Conj/Erth      10%        3d7       38%         3
 Dispersal                Tloc           2%         N/A       100%        6
 Disjunction              Tloc           2%         N/A       100%        8


Dungeon Overview and Level Annotations

Branches:
Dungeon (8/15)             Temple (1/1) D:6           Sewer (visited)
Ossuary (visited)          Bailey (visited)
   Lair: D:8-11

Altars:
Makhleb
Qazlal
Sif Muna
Vehumet
Yredelemnul
The Shining One


Innate Abilities, Weirdness & Mutations

You are immune to poison.
Your flesh is cold resistant. (rC+)
You are immune to negative energy. (rN+++)
You are immune to unholy pain and torment.
You are vulnerable to heat. (rF-)
You do not drink.


Message History

Throw: 11 darts (poison)
Press: ? - help, Q - select action, (/) - cycle Shift-Dir - straight line, f - two-headed ogre
Aim: a two-headed ogre, wielding a +0 giant club and a +0 giant spiked club (71% to hit)
You throw a poisoned dart.
The poisoned dart hits the two-headed ogre.
The two-headed ogre is poisoned.
Throw: 10 darts (poison)
Press: ? - help, Q - select action, (/) - cycle Shift-Dir - straight line, f/p - two-headed ogre
Aim: a two-headed ogre, wielding a +0 giant club and a +0 giant spiked club (lightly wounded, poisoned, 71% to hit)
You throw a poisoned dart.
The poisoned dart barely misses the two-headed ogre.
Throw: 9 darts (poison)
Press: ? - help, Q - select action, (/) - cycle Shift-Dir - straight line, f/p - two-headed ogre
Aim: a two-headed ogre, wielding a +0 giant club and a +0 giant spiked club (lightly wounded, poisoned, 71% to hit)
You throw a poisoned dart.
The poisoned dart hits the two-headed ogre.
The two-headed ogre is lightly wounded.
There is a stone staircase leading up here.
The two-headed ogre looks more healthy.
There is a stone staircase leading up here.
You climb upwards.
There is a stone staircase leading down here.
Unknown command.
Unknown command.
Unknown command.
Unknown command.
Unknown command.
You climb downwards.
The two-headed ogre misses you.
The two-headed ogre hits you with a +0 giant spiked club!!
There is a stone staircase leading up here.
Unknown command.
Unknown command.
Unknown command.
Unknown command.
Cast which spell? (? or * to list)
You feel quick.
The two-headed ogre hits you with a +0 giant club!!
* * * LOW HITPOINT WARNING * * *
The two-headed ogre hits you with a +0 giant spiked club!!
You die...

##.................#
##..................#
#...................#
#..................#
#..................#
#.................####
##...............#...#
#..<...........####..
.# #...........!.## ###
....#####.#..........##
...........O@.....<.##
.#####'#####......##
#....)..######...##
#..#####..# ###..# #.
.# ##..# # # ##.# (.#
#.# (# .# ..


You could see a two-headed ogre.

Vanquished Creatures
  A hornet (D:7)
  A wyvern (D:8)
  A water moccasin (D:7)
  2 ogres
  A necrophage (D:6)
  A centaur (D:8)
  A phantom (D:6)
  A gnoll sergeant (D:6)
  2 bullfrogs (D:8)
  A scorpion (D:4)
  A water moccasin skeleton (D:4)
  3 centaur zombies (Ossuary)
  3 hounds
  3 jellies
  An orc priest (D:6)
  A gnoll shaman (D:8)
  3 centaur skeletons
  2 iguanas
  Natasha (thrice) (D:2)
  6 orc wizards
  A killer bee zombie (D:7)
  A hound zombie (D:5)
  2 hound skeletons
  6 mummies (Ossuary)
  A howler monkey skeleton (D:7)
  5 gnolls
  4 adders
  5 worms
  A dart slug (D:4)
  16 orcs
  10 bats
  8 endoplasms
  5 giant cockroaches
  7 hobgoblins
  3 jackals
  3 quokkas
  9 ball pythons
  7 frilled lizards
  11 goblins
  A hobgoblin zombie (Ossuary)
  4 kobolds
  11 rats
159 creatures vanquished.

Notes
Turn   | Place    | Note
-------+----------+-------------------------------------------
     0 | D:1      | isthmus the Mummy Cinder Acolyte began the quest for the
                  | Orb.
     0 | D:1      | Reached XP level 1. HP: 18/18 MP: 2/2
   360 | D:1      | Reached XP level 2. HP: 24/24 MP: 4/4
   363 | D:1      | Learned a level 2 spell: Scorch
   526 | D:1      | Reached skill level 3 in Polearms
  1391 | D:3      | Reached XP level 3. HP: 29/29 MP: 5/5
  1870 | D:3      | Reached XP level 4. HP: 35/35 MP: 4/7
  1920 | D:3      | Found a glowing drain.
  1977 | Sewer    | Entered a sewer
  2459 | Sewer    | Reached skill level 4 in Polearms
  2459 | Sewer    | Reached XP level 5. HP: 41/41 MP: 3/9
  2515 | Sewer    | Found a shimmering altar of Xom.
  2738 | D:2      | Noticed Natasha
  3654 | D:2      | Found a faded altar of an unknown god.
  3703 | D:2      | Killed Natasha
  3752 | D:2      | Noticed Natasha
  3758 | D:2      | Killed Natasha
  3759 | D:2      | Reached XP level 6. HP: 33/47 MP: 1/10
  3797 | D:2      | Noticed Natasha
  3940 | D:2      | Killed Natasha
  4243 | D:4      | Reached skill level 5 in Polearms
  4243 | D:4      | Reached skill level 1 in Throwing
  4966 | D:4      | Reached XP level 7. HP: 51/52 MP: 6/13
  5533 | D:5      | Entered Level 5 of the Dungeon
  5700 | D:5      | Found a sand-covered staircase.
  5705 | Ossuary  | Entered an ossuary
  5888 | Ossuary  | Reached skill level 6 in Polearms
  5947 | Ossuary  | Reached skill level 5 in Spellcasting
  6535 | D:5      | Reached XP level 8. HP: 37/58 MP: 9/16
  7123 | D:6      | Reached skill level 1 in Armour
  7184 | D:6      | Learned a level 3 spell: Swiftness
  7187 | D:6      | Learned a level 2 spell: Ensorcelled Hibernation
  7408 | D:6      | Found a staircase to the Ecumenical Temple.
  7475 | Temple   | Entered the Ecumenical Temple
  8550 | D:7      | Found a flagged portal.
  8599 | Bailey   | Entered a bailey
  8625 | Bailey   | Noticed an orc knight
  8626 | Bailey   | Reached skill level 1 in Ice Magic
  8862 | D:7      | Reached skill level 1 in Shields
  9028 | D:7      | Reached skill level 7 in Polearms
  9028 | D:7      | Reached skill level 1 in Hexes
  9028 | D:7      | Reached skill level 1 in Air Magic
  9179 | D:7      | Noticed a hornet
  9184 | D:7      | Killed a hornet
 10038 | D:8      | Reached XP level 9. HP: 65/65 MP: 18/18
 10320 | D:8      | Noticed a two-headed ogre
 10343 | D:8      | Slain by a two-headed ogre

Illustrated notes

Levels and vault maps discovered:
D:1:      shiori_arrival_maze, layout_basic
D:2:      layout_rooms, nicolae_ecumenical_lake_church, dk_vineyard_2,
          uniq_natasha
D:3:      layout_basic, portal_sewer_entry_d
D:4:      layout_basic, grunt_ministairs_4, minmay_quadrilaterals
D:5:      layout_cave_pods, enter_ossuary_2
D:6:      layout_loops_ring, temple_doors_e
D:7:      layout_loops_cross, enter_bailey_3
D:8:      minmay_the_grid_plus_closed [minmay_the_grid_dragon_b,
          minmay_the_grid_box_x, minmay_the_grid_minigrid_small_alt,
          minmay_the_grid_outer_circle, minmay_the_grid_prize_diamond_cup],
          layout_cave_pods, kennysheep_generic_room_2
Temple:   grunt_wide_crystal_templ

Skill      XL: |  1  2  3  4  5  6  7  8 |
---------------+-------------------------+-----
Polearms       | 3 4 5 6 7 |  7.4
Spellcasting   | 2 3 4 5 6 |  6.2
Fire Magic     | 3 |  3.2
Throwing       | 1 2 |  2.0
Armour         | 2 |  2.0
Ice Magic      | 1 |  1.0
Shields        | 2 |  2.2
Hexes          | 1 |  1.8
Air Magic      | 1 |  1.7
Fighting       | |  3.9

Action                   |  1- 3 |  4- 6 |  7- 9 || total
-------------------------+-------+-------+-------++-------
Melee: Spear             |   123 |   117 |    82 ||   322
       Short sword       |       |       |    42 ||    42
Throw: Dart              |       |       |    12 ||    12
 Cast: Scorch            |     7 |    65 |   126 ||   198
       Ensorcelled Hiber |       |       |     5 ||     5
       Swiftness         |       |       |     1 ||     1
  Use: Scroll            |     3 |     4 |     4 ||    11
 Stab: Sleeping          |       |       |     1 ||     1
Armor: Leather armour    |    36 |    45 |    84 ||   165
       Ring mail         |       |    12 |       ||    12
Dodge: Dodged            |    71 |    80 |   128 ||   279
